 Dungeon Crawl Stone Soup version 0.27.0-1-g7a089689b8 (webtiles) character file.

Game seed: 15110493227272800781

29 Fv001 the Grave Robber (level 3, -3/16 HPs)
             Began as a Vampire Necromancer on Aug 13, 2021.
             Was a Follower of Yredelemnul.
             Slain by a worm (12 damage)
             ... on level 2 of the Dungeon.
             The game lasted 00:06:52 (1508 turns).

Fv001 the Grave Robber (Vampire Necromancer)        Turns: 1508, Time: 00:06:53

Health: -3/16      AC:  0    Str:  6 (8)  XL:     3   Next: 1%
Magic:  0/6        EV: 19    Int: 15 (17) God:    Yredelemnul [*.....]
Gold:   43         SH:  0    Dex: 17 (19) Spells: 4/6 levels left

rFire    . . .     SeeInvis +   (weapon currently unavailable)
rCold    + + .     Faith    .   (shield currently unavailable)
rNeg     + + +     Spirit   .   (armour currently unavailable)
rPois    ∞         Reflect  .   (helmet currently unavailable)
rElec    .         Harm     .   (cloak currently unavailable)
rCorr    .         Rampage  .   (gloves currently unavailable)
Will     .....                  (boots currently unavailable)
Stlth    +++++.....             (no amulet)
HPRegen  0.00/turn              (ring currently unavailable)
MPRegen  0.10/turn              (ring currently unavailable)

@: bat-form, flying, bloodless, inhibited regen, very quick
A: fast, flying, no casting, bloodless, tiny, fangs 3, see invisible, vampiric
2, [frail 1]
a: Revivify, End Transformation, Renounce Religion, Animate Remains


You were on level 2 of the Dungeon.
You worshipped Yredelemnul.
Yredelemnul was aware of your devotion.
You were a vampire bat.
You visited 1 branch of the dungeon, and saw 2 of its levels.

You collected 43 gold pieces.

Inventory:

Hand Weapons
 a - a +0 short sword (melded)
 b - a +0 dagger
Armour
 f - a +0 robe
 g - a +0 scale mail (melded)
 h - a +0 chain mail
Scrolls
 i - a scroll of identify {unknown}
Potions
 c - a potion of curing {unknown}
 d - a potion of berserk rage {unknown}
 e - a potion of resistance {unknown}


   Skills:
 + Level 0.1 Fighting
 + Level 0.1 Armour
 + Level 2.2 Dodging
 + Level 3.8 Stealth
 + Level 0.2 Unarmed Combat
 + Level 2.3 Spellcasting
 + Level 4.8 Necromancy


You had 4 spell levels left.
You knew the following spells:

 Your Spells              Type           Power      Damage    Failure   Level
a - Pain                  Necr           64%        1d7       3%          1
b - Animate Skeleton      Necr           32%        N/A       3%          1

Your spell library contained the following spells:

 Spells                   Type           Power      Damage    Failure   Level
 Vampiric Draining        Necr           8%         2d7       9%          3
 Animate Dead             Necr           8%         N/A       28%         4
 Agony                    Necr           16%        N/A       63%         5
 Freezing Cloud           Conj/Ice/Air   0%         6-21      99%         5
 Statue Form              Tmut/Erth      0%         N/A       100%        6


Dungeon Overview and Level Annotations

Branches:
Dungeon (2/15)

Altars:
Yredelemnul


Innate Abilities, Weirdness & Mutations

You are a vampire bat.
You are tiny and dextrous.
You move quickly.
You are flying.
Your equipment is almost entirely melded.
You are incapable of wielding weapons or throwing items.
You cannot cast spells.
You do not regenerate when monsters are visible.
You are frail without blood (-20% HP).
You can heal yourself when you bite living creatures.
You are immune to poison.
You have razor-sharp teeth.
You have supernaturally acute eyesight. (SInv)
You are afflicted with vampirism and can become a bat while bloodless.
[You are frail. (-10% HP)]


Message History

You hit the worm.
The worm is lightly wounded.
The worm bites you but does no damage.
You hit the worm. Your bite misses the worm.
The worm is moderately wounded.
The worm bites you but does no damage.
You hit the worm.
The worm is moderately wounded.
You barely miss the worm.
The worm is moderately wounded.
The worm closely misses you.
You hit the worm.
The worm is heavily wounded.
The worm bites you but does no damage.
You barely miss the worm.
The worm is heavily wounded.
You hit the worm but do no damage. You bite the worm.
The worm is heavily wounded.
The worm bites you.
Okay, then.
You turn into a vampire bat.
Your +0 short sword melds into your body.
Your +0 scale mail melds into your body.
You feel weakened.
You feel dopey.
You feel clumsy.
You hit the worm. You bite the worm.
The worm is severely wounded.
You hit the worm but do no damage.
The worm is severely wounded.
The worm completely misses you.
You hit the worm.
The worm is severely wounded.
The worm closely misses you.
You hit the worm but do no damage.
The worm is heavily wounded.
You hit the worm but do no damage.
The worm is heavily wounded.
The worm bites you!
Ouch! That really hurt!
You die...
Yredelemnul claims you as an undead slave.

#.######.........###....
#...#...................
####........#...##...#.....
#........####.####.#.......
#....#..## #.# #...#.....
#... #..### #.# ###.......
## #..(.###.#### ###.....
.# #.#)..†.....# ##....
...#.##.b.####. ..... #...
#.w## ..##. #..###..# ##
#....#..# ##.#....### .
#.###....## .....
#.###.##..### .....
#.....###...###..#
#####...###.....#


You could see a worm.

Vanquished Creatures
  4 ball pythons
  3 bats
  3 endoplasms
  4 giant cockroaches
  3 goblins
  A hobgoblin (D:1)
  2 kobolds
  2 quokkas (D:1)
  3 rats
25 creatures vanquished.

Vanquished Creatures (others)
  A bat zombie (D:2)
  A goblin zombie (D:2)
2 creatures vanquished.

Grand Total: 27 creatures vanquished

Notes
Turn   | Place    | Note
-------+----------+-------------------------------------------
     0 | D:1      | Fv001 the Vampire Necromancer began the quest for the Orb.
     0 | D:1      | Reached XP level 1. HP: 13/13 MP: 3/3
   202 | D:1      | Got Ydasuaf's Grimoire of Congealing Stones
   211 | D:1      | Learned a level 1 spell: Animate Skeleton
   535 | D:1      | Reached XP level 2. HP: 12/15 MP: 0/5
  1077 | D:1      | Found a faded altar of an unknown god.
  1083 | D:1      | Became a worshipper of Yredelemnul the Dark
  1083 | D:1      | Reached * piety under Yredelemnul
  1486 | D:2      | Gained mutation: You are afflicted with vampirism and can
                  | become a bat while bloodless. [Vampire growth]
  1486 | D:2      | Reached XP level 3. HP: 16/21 MP: 1/6
  1508 | D:2      | Slain by a worm

Illustrated notes

Levels and vault maps discovered:
D:1:      wander_arrival_lonely_grave, layout_basic,
          shapermc_ecumenical_altar_hornbeckon
D:2:      layout_rooms, minmay_close_crescents

Action                   || total
-------------------------++-------
Melee: Unarmed           ||    19
       Bite              ||     4
       Short sword       ||    27
       Dagger            ||    12
 Cast: Pain              ||    29
       Animate Skeleton  ||     1
Invok: Animate Remains   ||     2
 Abil: Exsanguinate      ||     2
       Revivify          ||     1
       Bat Form          ||     1
 Stab: Sleeping          ||     7
Armor: Scale mail        ||    32
Dodge: Dodged            ||    14
